BR (22 & UNDER)
PUNTA CANA HUTIAS @ PLYMOUTH COCKS
08/22/2029
 
TOP OF THE 1ST
Punta Cana Hutias batting - Pitching for Plymouth Cocks : RHP Santiago Noriega
Pitching: RHP Santiago Noriega
Batting: LHB Dave Watkins 0-0: Ball
1-0: Called Strike
1-1: Ball
2-1: Swinging Strike
2-2: Strikes out looking
Batting: LHB Luis García 0-0: Called Strike
0-1: Called Strike
0-2: Foul Ball, location: 2F
0-2: Ball
1-2: Ball
2-2: Ball
3-2: Strikes out swinging
Batting: LHB Norberto Garza 0-0: Ball
1-0: Called Strike
1-1: Ball
2-1: Ball
3-1: Hit by Pitch
Batting: RHB Mike Martínez 0-0: Ball
1-0: Foul Ball, location: 2F
1-1: Ball
2-1: Called Strike
2-2: Ball
3-2: Base on Balls
Norberto Garza to second
Batting: LHB Harry Davis 0-0: Ball
1-0: Foul Ball, location: 2F
1-1: Foul Ball, location: 2F
1-2: Fly out, F8 (Flyball, 78S)
Top of the 1st over - 0 runs, 0 hits, 0 errors, 2 left on base; Punta Cana 0 - Plymouth 0
BOTTOM OF THE 1ST
Plymouth Cocks batting - Pitching for Punta Cana Hutias : RHP Brian Lovelace
Pitching: RHP Brian Lovelace
Batting: RHB Travis Jackson 0-0: Ground out 5-3 (Groundball, 5L)
Batting: LHB Vito Ramírez 0-0: Called Strike
0-1: Ball
1-1: Ball
2-1: Ground out 6-3 (Groundball, 6)
Batting: LHB T.J. Richardson 0-0: Ball
1-0: Foul Ball, location: 2F
1-1: Ball
2-1: Ground out 2-3 (Groundball, 2R)
Bottom of the 1st over - 0 runs, 0 hits, 0 errors, 0 left on base; Punta Cana 0 - Plymouth 0
TOP OF THE 2ND
Punta Cana Hutias batting - Pitching for Plymouth Cocks : RHP Santiago Noriega
Batting: LHB Don MacNeill 0-0: SINGLE (Groundball, 4D)
Batting: RHB Miguel Gutiérrez 0-0: Called Strike
0-1: Swinging Strike
0-2: Strikes out swinging
Batting: LHB Tony Ríos 0-0: DOUBLE (Line Drive, 7D)
Don MacNeill to third
Batting: RHB Alfredo Bernard 0-0: Ground out 5-3 (Groundball, 56)
Don MacNeill scores
Batting: LHB Dave Watkins 0-0: Ball
1-0: Ball
2-0: Ball
3-0: Base on Balls
Batting: LHB Luis García 0-0: Ball
1-0: Ball
2-0: Fly out, F9 (Flyball, 89M)
Top of the 2nd over - 1 run, 2 hits, 0 errors, 2 left on base; Punta Cana 1 - Plymouth 0
BOTTOM OF THE 2ND
Plymouth Cocks batting - Pitching for Punta Cana Hutias : RHP Brian Lovelace
Batting: RHB Dwayne Roldán 0-0: Called Strike
0-1: Hit by Pitch
Batting: SHB António Cortéz 0-0: Ball
1-0: Swinging Strike
1-1: Ball
2-1: Fly out, F8 (Flyball, 8LD)
Batting: RHB José González 0-0: Ball
1-0: Ball
2-0: Ball
3-0: Called Strike
3-1: Base on Balls
Dwayne Roldán to second
Batting: RHB Jeffrey Barker 0-0: Ball
1-0: Grounds into double play, 6-4-3 (Groundball, 6)
Bottom of the 2nd over - 0 runs, 0 hits, 0 errors, 1 left on base; Punta Cana 1 - Plymouth 0
TOP OF THE 3RD
Punta Cana Hutias batting - Pitching for Plymouth Cocks : RHP Santiago Noriega
Batting: LHB Norberto Garza 0-0: Ball
1-0: Fly out, F9 (Flyball, 89S)
Batting: RHB Mike Martínez 0-0: Ball
1-0: Swinging Strike
1-1: Foul Ball, location: 2F
1-2: Ball
2-2: Strikes out looking
Batting: LHB Harry Davis 0-0: Ball
1-0: Called Strike
1-1: Ball
2-1: Called Strike
2-2: Ball
3-2: Fly out, F7 (Flyball, 78S)
Top of the 3rd over - 0 runs, 0 hits, 0 errors, 0 left on base; Punta Cana 1 - Plymouth 0
BOTTOM OF THE 3RD
Plymouth Cocks batting - Pitching for Punta Cana Hutias : RHP Brian Lovelace
Batting: RHB Marcos Pérez 0-0: Fly out, F4 (Popup, 4S)
Batting: RHB Rob Palmer 0-0: Called Strike
0-1: Ball
1-1: Called Strike
1-2: Ball
2-2: Foul Ball, location: 2F
2-2: Foul Ball, location: 2F
2-2: SINGLE (Line Drive, 78S)
Batting: RHB Travis Jackson 0-0: Fly out, F9 (Flyball, 89M)
Batting: LHB Vito Ramírez 0-0: Called Strike
0-1: Ball
1-1: SINGLE (Groundball, 3) (infield hit)
Rob Palmer to second
Batting: LHB T.J. Richardson 0-0: Ball
1-0: Fly out, F8 (Line Drive, 8RM)
Bottom of the 3rd over - 0 runs, 2 hits, 0 errors, 2 left on base; Punta Cana 1 - Plymouth 0
TOP OF THE 4TH
Punta Cana Hutias batting - Pitching for Plymouth Cocks : RHP Santiago Noriega
Batting: LHB Don MacNeill 0-0: Ball
1-0: Called Strike
1-1: Ball
2-1: Foul Ball, location: 2F
2-2: Ball
3-2: Strikes out swinging
Batting: RHB Miguel Gutiérrez 0-0: Called Strike
0-1: Foul Ball, location: 2F
0-2: Ball
1-2: Foul Ball, location: 2F
1-2: Strikes out swinging
Batting: LHB Tony Ríos 0-0: Called Strike
0-1: Ball
1-1: Ball
2-1: Ball
3-1: Foul Ball, location: 2F
3-2: Strikes out looking
Top of the 4th over - 0 runs, 0 hits, 0 errors, 0 left on base; Punta Cana 1 - Plymouth 0
BOTTOM OF THE 4TH
Plymouth Cocks batting - Pitching for Punta Cana Hutias : RHP Brian Lovelace
Batting: RHB Dwayne Roldán 0-0: Called Strike
0-1: Ball
1-1: Ball
2-1: Foul Ball, location: 2F
2-2: Foul Ball, location: 2F
2-2: Ground out 6-3 (Groundball, 6)
Batting: SHB António Cortéz 0-0: Fly out, F9 (Line Drive, 9LS)
Batting: RHB José González 0-0: Ball
1-0: Ball
2-0: Fly out, F8 (Flyball, 78M)
Bottom of the 4th over - 0 runs, 0 hits, 0 errors, 0 left on base; Punta Cana 1 - Plymouth 0
TOP OF THE 5TH
Punta Cana Hutias batting - Pitching for Plymouth Cocks : RHP Santiago Noriega
Batting: RHB Alfredo Bernard 0-0: Foul Ball, location: 2F
0-1: Ball
1-1: Fly out, F8 (Flyball, 8RD)
Batting: LHB Dave Watkins 0-0: Called Strike
0-1: Called Strike
0-2: Ball
1-2: Ball
2-2: Strikes out looking
Batting: LHB Luis García 0-0: Ground out 6-3 (Groundball, 6)
Top of the 5th over - 0 runs, 0 hits, 0 errors, 0 left on base; Punta Cana 1 - Plymouth 0
BOTTOM OF THE 5TH
Plymouth Cocks batting - Pitching for Punta Cana Hutias : RHP Brian Lovelace
Batting: RHB Jeffrey Barker 0-0: Fly out, F8 (Flyball, 89M)
Batting: RHB Marcos Pérez 0-0: Called Strike
0-1: Swinging Strike
0-2: Ball
1-2: Ball
2-2: Ball
3-2: SINGLE (Line Drive, 56D)
Batting: RHB Rob Palmer 0-0: Ball
1-0: Foul Ball, location: 2F
1-1: Swinging Strike
1-2: Foul Ball, location: 2F
1-2: Foul Ball, location: 2F
1-2: Ground out 5-3 (Groundball, 56S)
Marcos Pérez to second
Batting: RHB Travis Jackson 0-0: Ball
1-0: Called Strike
1-1: Ground out 6-3 (Groundball, 6)
Bottom of the 5th over - 0 runs, 1 hit, 0 errors, 1 left on base; Punta Cana 1 - Plymouth 0
TOP OF THE 6TH
Punta Cana Hutias batting - Pitching for Plymouth Cocks : RHP Santiago Noriega
Batting: LHB Norberto Garza 0-0: Called Strike
0-1: Ball
1-1: Ground out 5-3 (Groundball, 56)
Batting: RHB Mike Martínez 0-0: Called Strike
0-1: Fly out, F9 (Flyball, 89S)
Batting: LHB Harry Davis 0-0: Called Strike
0-1: SINGLE (Groundball, 4MD)
Pinch Runner at 1st Argaw Omitra:
Batting: LHB Don MacNeill 0-0: Fielders Choice at 2nd, 6-4 (Groundball, 6)
Top of the 6th over - 0 runs, 1 hit, 0 errors, 1 left on base; Punta Cana 1 - Plymouth 0
BOTTOM OF THE 6TH
Plymouth Cocks batting - Pitching for Punta Cana Hutias : RHP Brian Lovelace
Now at SS: Ricardo Murillo
Batting: LHB Vito Ramírez 0-0: Ball
1-0: SINGLE (Line Drive, 5D)
Batting: LHB T.J. Richardson 0-0: Fly out, F9 (Flyball, 9LSF)
Batting: RHB Dwayne Roldán 0-0: Called Strike
0-1: Ball
1-1: Foul Ball, location: 2F
1-2: Strikes out swinging
Batting: SHB António Cortéz 0-0: Ground out 6-3 (Groundball, 56)
Bottom of the 6th over - 0 runs, 1 hit, 0 errors, 1 left on base; Punta Cana 1 - Plymouth 0
TOP OF THE 7TH
Punta Cana Hutias batting - Pitching for Plymouth Cocks : RHP Santiago Noriega
Batting: RHB Miguel Gutiérrez 0-0: Fly out, F8 (Flyball, 89D)
Batting: LHB Tony Ríos 0-0: Foul Ball, location: 2F
0-1: Ball
1-1: Ball
2-1: Swinging Strike
2-2: Strikes out looking
Batting: RHB Alfredo Bernard 0-0: Swinging Strike
0-1: Foul Ball, location: 2F
0-2: Fly out, F4 (Popup, 4D)
Top of the 7th over - 0 runs, 0 hits, 0 errors, 0 left on base; Punta Cana 1 - Plymouth 0
BOTTOM OF THE 7TH
Plymouth Cocks batting - Pitching for Punta Cana Hutias : RHP Brian Lovelace
Batting: RHB José González 0-0: Foul Ball, location: 2F
0-1: Swinging Strike
0-2: Strikes out swinging
Batting: RHB Jeffrey Barker 0-0: Called Strike
0-1: Ball
1-1: Foul Ball, location: 2F
1-2: Ball
2-2: Ball
3-2: Foul Ball, location: 2F
3-2: Foul Ball, location: 2F
3-2: Fly out, F9 (Flyball, 9)
Batting: RHB Marcos Pérez 0-0: Ground out 5-3 (Groundball, 56)
Bottom of the 7th over - 0 runs, 0 hits, 0 errors, 0 left on base; Punta Cana 1 - Plymouth 0
TOP OF THE 8TH
Punta Cana Hutias batting - Pitching for Plymouth Cocks : RHP Santiago Noriega
Pitching: RHP José Flores
Batting: LHB Dave Watkins 0-0: Ball
1-0: Ball
2-0: Ball
3-0: Base on Balls
Batting: LHB Luis García 0-0: Fly out, F6 (Popup, 6MS)
Batting: LHB Norberto Garza 0-0: Called Strike
0-1: Ball
1-1: Ball
2-1: Fielders Choice at 2nd, 4-6 (Groundball, 4)
Batting: RHB Mike Martínez 0-0: Called Strike
0-1: Ball
1-1: Foul Ball, location: 2F
1-2: Strikes out swinging
Top of the 8th over - 0 runs, 0 hits, 0 errors, 1 left on base; Punta Cana 1 - Plymouth 0
BOTTOM OF THE 8TH
Plymouth Cocks batting - Pitching for Punta Cana Hutias : RHP Brian Lovelace
Now at C: Juan Alaniz
Now at 1B: Alfonso Huerta
Batting: RHB Rob Palmer 0-0: Ground out 5-3 (Groundball, 56S)
Batting: RHB Travis Jackson 0-0: Swinging Strike
0-1: Foul Ball, location: 2F
0-2: Ball
1-2: Ground out 5-3 (Groundball, 56)
Batting: LHB Vito Ramírez 0-0: Ball
1-0: Ground out 6-3 (Groundball, 6)
Bottom of the 8th over - 0 runs, 0 hits, 0 errors, 0 left on base; Punta Cana 1 - Plymouth 0
TOP OF THE 9TH
Punta Cana Hutias batting - Pitching for Plymouth Cocks : RHP José Flores
Pitching: RHP Chance Ward
Batting: RHB Ricardo Murillo 0-0: Ball
1-0: Ball
2-0: Foul Ball, location: 2F
2-1: Swinging Strike
2-2: Ball
3-2: SINGLE (Groundball, 6MD)
Batting: LHB Don MacNeill 0-0: Ball
1-0: Ball
2-0: Called Strike
2-1: Ball
3-1: Grounds into double play, 6-4-3 (Groundball, 6)
Batting: RHB Miguel Gutiérrez 0-0: Fly out, F7 (Flyball, 7D)
Top of the 9th over - 0 runs, 1 hit, 0 errors, 0 left on base; Punta Cana 1 - Plymouth 0
BOTTOM OF THE 9TH
Plymouth Cocks batting - Pitching for Punta Cana Hutias : RHP Brian Lovelace
Batting: LHB T.J. Richardson 0-0: Ball
1-0: Ball
2-0: Called Strike
2-1: Ball
3-1: Base on Balls
Batting: RHB Dwayne Roldán 0-0: Ball
1-0: Ball
2-0: Called Strike
2-1: Swinging Strike
2-2: Foul Ball, location: 2F
2-2: Ball
3-2: Foul Ball, location: 2F
3-2: Strikes out swinging
Pitching: RHP Ed Castillo
Batting: SHB António Cortéz 0-0: Called Strike
0-1: Reached on error, E3 (Groundball, 3)
T.J. Richardson to second
Pinch Hitting: LHB Dave Sanders 0-0: Swinging Strike
0-1: Grounds into double play, 4-6-3 (Groundball, 4)
Bottom of the 9th over - 0 runs, 0 hits, 1 error, 1 left on base; Punta Cana 1 - Plymouth 0
Saturday, December 16th, 2017 - OOTP Baseball 18.8 Build 76